Map: Frost LE

Players

Suppy - Winner!

  • Race: Zerg Zerg
  • League: Master

Bails

  • Race: Protoss Protoss
  • League: Grandmaster

Event: Cheesadelphia Summer 2016

VOD

Have the link to the VOD?

Description

Time

  • Played on: July 23, 2016, 7:43 p.m.
  • Length: 10:46

All games in this series

Show
View Real Time Build Order
Export as new Build Order

Suppy Zerg - Winner!

Build Orders: Hatch First 

Get SALT Encoding   

  12  0:00  Drone  
  13  0:12  Overlord  
  13  0:17  Drone  
  14  0:31  Drone x2  
  16  0:36  Drone  
  17  0:57  Hatchery  
  17  0:59  Drone x2  
  18  1:14  Spawning Pool, Extractor  
  18  1:17  Drone  
  17  1:20  Drone  
  18  1:28  Drone  
  19  1:40  Overlord  
  19  1:50  Drone  
  20  2:00  Queen  
  22  2:01  Zergling x2  
  23  2:09  Queen, Zergling x2  
  23  2:11  Drone  
  23  2:13  Metabolic Boost  
  27  2:21  Drone  
  28  2:23  Drone  
  29  2:31  Drone  
  29  2:34  Drone  
  31  2:42  Hatchery  
  30  2:46  Zergling x2  
  30  2:48  Overlord  
  30  2:54  Pneumatized Carapace  
  30  2:57  Drone  
  31  3:00  Drone  
  31  3:04  Drone  
  33  3:08  Zergling x2  
  33  3:10  Zergling x2  
  33  3:11  Zergling x2  
  33  3:12  Drone  
  36  3:14  Drone  
  37  3:23  Drone x2  
  37  3:24  Drone  
  40  3:27  Overlord  
  40  3:29  Drone  
  40  3:32  Drone  
  42  3:39  Drone  
  43  3:42  Overlord  
  43  3:45  Queen  
  43  3:48  Baneling Nest  
  44  3:51  Drone  
  44  3:52  Drone x2  
  44  3:53  Drone  
  48  3:58  Drone x3  
  51  4:03  Queen  
  51  4:06  Drone  
  51  4:07  Drone  
  55  4:11  Evolution Chamber  
  55  4:13  Zergling x4  
  55  4:14  Zergling x2  
  57  4:26  Overlord  
  57  4:29  Drone  
  57  4:30  Queen  
  60  4:32  Baneling  
  60  4:33  Baneling x4  
  60  4:34  Baneling, Zergling x6  
  60  4:35  Zergling x4  
  60  4:37  Drone  
  66  4:39  Extractor  
  66  4:41  Zerg Melee Weapons Level 1  
  65  4:48  Zergling x2  
  65  4:49  Zergling x6  
  65  4:52  Drone x3  
  67  4:58  Drone  
  67  4:59  Drone x2  
  67  5:00  Drone x3  
  68  5:08  Drone x3  
  68  5:10  Extractor  
  68  5:11  Drone  
  68  5:12  Drone  
  72  5:17  Drone  
  72  5:23  Drone x2  
  72  5:27  Overlord  
  74  5:29  Lair  
  74  5:32  Extractor, Overlord x2  
  74  5:33  Extractor  
  74  5:35  Overlord  
  72  5:37  Drone  
  72  5:39  Zergling x2  
  72  5:41  Baneling x3  
  72  5:42  Baneling x2  
  74  5:47  Drone x3  
  74  5:49  Drone x2, Extractor, Zergling x2  
  79  5:50  Zergling x6  
  79  5:51  Baneling x2  
  82  5:57  Drone  
  82  5:58  Drone  
  82  6:01  Drone  
  85  6:05  Overlord  
  85  6:07  Drone x3  
  88  6:12  Drone  
  88  6:17  Overlord  
  86  6:23  Overlord x2  
  86  6:24  Hatchery  
  84  6:29  Zergling x2  
  84  6:30  Hydralisk Den, Zergling x6  
  84  6:31  Overlord  
  87  6:33  Centrifical Hooks  
  87  6:34  Baneling  
  86  6:41  Zerg Missile Weapons Level 1  
  86  6:43  Queen  
  86  6:45  Queen  
  89  6:49  Overlord x2  
  89  7:02  Hydralisk x9  
  89  7:04  Muscular Augments  
  89  7:06  Hydralisk x3  
  113  7:11  Hydralisk  
  115  7:19  Hydralisk x3  
  115  7:20  Zergling x6  
  124  7:30  Hydralisk x2, Zergling x2  
  124  7:31  Zergling x8  
  124  7:33  Baneling  
  124  7:34  Baneling x3  
  133  7:39  Zergling x6  
  133  7:43  Zergling x2  
  137  7:50  Hydralisk  
  137  7:51  Zergling x16  
  147  8:02  Hydralisk x6  
  147  8:04  Overlord  
  159  8:06  Baneling  
  159  8:07  Baneling x6  
  159  8:17  Hydralisk  
  159  8:18  Zergling x8  
  159  8:19  Zergling x4  
  164  8:32  Baneling x11  
  164  8:34  Hydralisk  
  164  8:35  Zergling x12  
  164  8:38  Overlord  
  171  8:43  Zergling x8  
  171  8:50  Hydralisk x3  
  159  8:57  Hydralisk  
  159  8:58  Hydralisk, Zergling x4  
  159  8:59  Zergling x2  
  143  9:05  Hydralisk x3  
  143  9:06  Zergling x2  
  148  9:10  Baneling x3  
  148  9:12  Zergling x8  
  143  9:20  Hydralisk  
  143  9:21  Zergling x8  
  143  9:22  Zergling x4  
  145  9:30  Zergling x10  
  148  9:33  Baneling x6  
  148  9:36  Zergling x4  
  150  9:41  Hydralisk x2  
  150  9:43  Baneling x2  
  152  9:47  Hydralisk  
  152  9:48  Zergling x2  
  152  9:49  Zergling x4  
  152  9:50  Baneling x5  
  152  9:51  Baneling x2  
  154  9:58  Hydralisk  
  154  9:59  Zergling x10  
  146  10:10  Hydralisk  
  146  10:11  Hydralisk x2, Zergling x2  
  146  10:12  Zergling x4  
  149  10:20  Hydralisk  
  149  10:21  Zergling x8  
  149  10:28  Zergling x10  
  154  10:30  Overseer x2  
  154  10:34  Overseer  
Show
View Real Time Build Order
Export as new Build Order

Bails Protoss 

Build Orders: 1 Gate Expand 

Get SALT Encoding   

  12  0:00  Probe (Chrono Boost)  
  13  0:11  Probe (Chrono Boost)  
  14  0:19  Pylon  
  14  0:23  Probe (Chrono Boost)  
  15  0:37  Probe (Chrono Boost)  
  15  0:39  Gateway  
  16  0:48  Probe (Chrono Boost)  
  16  0:49  Assimilator  
  17  0:58  Probe (Chrono Boost)  
  18  1:09  Probe (Chrono Boost)  
  19  1:20  Probe (Chrono Boost)  
  20  1:27  Nexus  
  20  1:38  Cybernetics Core  
  20  1:42  Probe (Chrono Boost)  
  21  1:47  Assimilator  
  21  1:52  Probe (Chrono Boost)  
  22  1:57  Pylon  
  22  2:03  Probe (Chrono Boost)  
  22  2:06  Warp Gate  
  23  2:12  Adept  
  25  2:22  Twilight Council  
  25  2:27  Probe (Chrono Boost)  
  26  2:38  Probe (Chrono Boost), Adept  
  26  2:39  Probe (Chrono Boost)  
  30  2:48  Probe (Chrono Boost)  
  31  2:52  Resonating Glaives  
  31  2:53  Probe (Chrono Boost)  
  32  3:00  Probe (Chrono Boost)  
  32  3:05  Probe (Chrono Boost)  
  34  3:13  Gateway  
  34  3:14  Gateway  
  34  3:15  Sentry  
  34  3:19  Probe (Chrono Boost)  
  37  3:23  Probe (Chrono Boost)  
  38  3:32  Probe (Chrono Boost)  
  38  3:33  Pylon  
  41  3:36  Mothership Core (Chrono Boost)  
  41  3:38  Adept  
  41  3:44  Probe (Chrono Boost)  
  44  3:53  Pylon  
  44  3:55  Robotics Facility  
  46  3:56  Probe x2 (Chrono Boost)  
  46  4:07  Probe x2 (Chrono Boost)  
  48  4:12  Adept  
  48  4:13  Adept  
  48  4:14  Adept  
  54  4:22  Pylon  
  54  4:30  Nexus  
  54  4:35  Pylon  
  54  4:39  Sentry  
  54  4:40  Sentry  
  54  4:41  Probe (Chrono Boost)  
  59  4:47  Warp Prism  
  59  4:51  Probe (Chrono Boost)  
  59  4:52  Probe (Chrono Boost)  
  57  5:02  Probe (Chrono Boost), Adept  
  57  5:03  Probe (Chrono Boost), Adept x2  
  57  5:06  Assimilator  
  59  5:09  Assimilator  
  59  5:13  Probe (Chrono Boost)  
  59  5:14  Pylon  
  61  5:15  Probe (Chrono Boost)  
  60  5:23  Probe (Chrono Boost), Sentry x2  
  60  5:27  Adept  
  60  5:28  Forge  
  68  5:29  Probe (Chrono Boost)  
  68  5:34  Probe (Chrono Boost)  
  69  5:40  Probe (Chrono Boost)  
  69  5:41  Observer  
  72  5:43  Probe (Chrono Boost)  
  72  5:45  Probe (Chrono Boost)  
  72  5:48  Adept x3  
  79  5:50  Probe (Chrono Boost)  
  79  5:52  Protoss Ground Weapons Level 1  
  79  5:55  Probe (Chrono Boost)  
  79  5:56  Probe (Chrono Boost), Pylon  
  82  6:02  Immortal  
  86  6:05  Probe (Chrono Boost)  
  86  6:07  Probe (Chrono Boost)  
  86  6:09  Probe (Chrono Boost)  
  89  6:13  Blink  
  89  6:16  Probe (Chrono Boost)  
  89  6:18  Probe (Chrono Boost)  
  91  6:19  Probe (Chrono Boost)  
  92  6:26  Assimilator  
  92  6:27  Probe (Chrono Boost)  
  92  6:29  Assimilator  
  92  6:30  Probe x2 (Chrono Boost)  
  92  6:32  Stalker, Pylon  
  97  6:34  Stalker  
  97  6:39  Probe (Chrono Boost)  
  100  6:41  Probe (Chrono Boost)  
  100  6:42  Probe (Chrono Boost)  
  102  6:48  Templar Archives  
  102  6:51  Probe (Chrono Boost), Pylon  
  102  6:52  Probe (Chrono Boost), Gateway  
  105  6:54  Probe (Chrono Boost)  
  105  6:56  Photon Cannon  
  105  6:58  Pylon  
  105  7:05  Stalker x3  
  111  7:14  Pylon  
  111  7:15  Pylon  
  111  7:19  Gateway  
  111  7:20  Gateway  
  111  7:29  Protoss Ground Weapons Level 2  
  111  7:30  Stalker x3  
  111  7:35  Gateway  
  117  7:37  Gateway  
  117  7:48  Gateway  
  117  7:49  Gateway  
  117  7:50  Gateway  
  117  7:55  Dark Shrine  
  117  7:57  Stalker x2  
  117  7:58  Stalker  
  123  7:59  Sentry  
  123  8:02  Pylon  
  123  8:04  Pylon  
  124  8:16  Probe (Chrono Boost)  
  124  8:19  Stalker x2  
  128  8:21  Stalker x3  
  128  8:25  Photon Cannon  
  134  8:27  Stalker  
  134  8:30  Pylon  
  134  8:32  High Templar x2  
  140  8:42  Archon  
  140  8:44  Adept  
  140  8:45  Adept x4  
  145  8:48  Probe (Chrono Boost)  
  145  8:53  Adept x4  
  114  8:56  Probe (Chrono Boost)  
  114  8:58  Probe (Chrono Boost)  
  93  9:06  Adept x2  
  93  9:07  Adept x2  
  94  9:11  Adept  
  94  9:15  Adept  
  85  9:20  Probe (Chrono Boost)  
  85  9:24  Sentry x4  
  91  9:36  Adept  
  91  9:37  Adept x2  
  97  9:42  Adept  
  92  9:47  Adept x2  
  92  9:51  Sentry  
  97  9:59  Zealot x2  
  97  10:03  Mothership Core (Chrono Boost)  
  97  10:11  Stalker x2  
  85  10:16  Probe (Chrono Boost)  
  85  10:18  Adept x2  
  85  10:19  Adept  
Tags
 
Add a new tag
Caveats
  • Supply blocks, unpowered buildings, or Contaminate may cause inaccurate times.
  • Supply counts are checked every 10 seconds.